 Dungeon Crawl Stone Soup version 0.19-a0-1908-g43c011f (webtiles) character file.

1757 Jorund the Cleaver (level 8, -7/56 HPs)
             Began as a Demonspawn Gladiator on Oct 22, 2016.
             Mangled by an ogre
             ... wielding a +0 giant spiked club
              (30 damage)
             ... on level 4 of the Dungeon.
             The game lasted 00:09:03 (4073 turns).

Jorund the Cleaver (Demonspawn Gladiator)           Turns: 4073, Time: 00:09:04

Health: -7/56      AC:  7    Str: 25    XL:     8   Next: 79%
Magic:  9/9        EV: 12    Int: 10    God:
Gold:   121        SH:  0    Dex: 14    Spells: 0 memorised, 7 levels left

rFire  . . .     SeeInvis .     a - +2 war axe
rCold  . . .     Gourm    .     o - +0 ring mail
rNeg   . . .     Faith    .     (no shield)
rPois  .         Spirit   .     s - +0 helmet
rElec  .         Reflect  .     (no cloak)
rCorr  .         Harm     .     (no gloves)
MR     .....                    (no boots)
Stlth  ++........               (no amulet)
                                i - +4 ring of strength
                                b - +4 ring of strength

@: no status effects
A: claws 2, nightstalker 1, sturdy frame 1
a: no special abilities


You were on level 4 of the Dungeon.
You were not hungry.

You visited 1 branch of the dungeon, and saw 4 of its levels.

You collected 121 gold pieces.

Inventory:

Hand Weapons
 a - a +2 war axe (weapon)
 m - a +2 whip of electrocution
Missiles
 d - 3 throwing nets
 p - 6 tomahawks (quivered)
Armour
 o - a +0 ring mail (worn)
 s - a +0 helmet (worn)
Jewellery
 b - a +4 ring of strength (left claw)
 g - an uncursed ring of fire
 i - a +4 ring of strength (right claw)
Wands
 q - a wand of lightning (0/15)
Scrolls
 h - 3 scrolls of remove curse
Potions
 c - a potion of heal wounds {unknown}
Comestibles
 f - 2 bread rations
 j - 7 fruits
 k - a beef jerky


   Skills:
 - Level 2.0 Fighting
 + Level 9.1 Axes
 - Level 1.7 Throwing
 + Level 5.3 Armour
 - Level 2.6 Dodging
 + Level 1.5 Evocations


You had 7 spell levels left.
You didn't know any spells.

Dungeon Overview and Level Annotations

Branches:
Dungeon (4/15)             Temple (0/1) D:4

Altars:
Kikubaaqudgha
Yredelemnul
Zin


Innate Abilities, Weirdness & Mutations

You have very sharp fingernails.
You are slightly more attuned to the shadows.
Your movements are slightly less encumbered by armour. (ER -2)


Message History

The bullfrog is severely wounded.
The bullfrog hits you but does no damage.
You slash the bullfrog!
You kill the bullfrog!
An ogre comes into view. It is wielding a giant spiked club.
Found a glowing scythe.
The ogre shouts!
Found 10 gold pieces.
The ogre closely misses you.
You barely miss the ogre. The ogre hits you but does no damage.
You slash the ogre!
The ogre is heavily wounded.
You slash the ogre!
The ogre is severely wounded.
The ogre hits you with a giant spiked club!
You barely miss the ogre.
The ogre is severely wounded.
The ogre hits you with a giant spiked club!!
Ouch! That really hurt!
You die...

#....... #>#####.
###### #.# #.
......##### #.# #.
.....)...# #.# #.
........# #.# #.
#......# #.# #.
#.O....# #.# ##
####..@...# #.####
..........# #....# #
..........# ####.###
$.....##.## #...'
...... #.##########.###
......##........#....##
......................>
.......................
....#...####.##......


You could see an ogre.

Vanquished Creatures
  Pikel (D:4)
  The ghost of Vesto the Skirmisher, an amateur FoFi (D:4)
  Eustachio (D:4)
  The ghost of TugoseryaHuesosov the Charmwright, an amateur MfSk of Hepliaklqana (D:3)
  A phantom (D:4)
  An ogre (D:4)
  A centaur (D:3)
  A bullfrog (D:4)
  A scorpion (D:4)
  A hound (D:4)
  An orc priest (D:4)
  Jessica (D:2)
  An iguana (D:4)
  Natasha (D:2)
  6 orc wizards
  A worker ant (D:4)
  A hound skeleton (D:4)
  5 adders
  2 worms
  3 dart slugs
  7 leopard geckos
  8 orcs
  6 giant cockroaches
  8 hobgoblins
  6 jackals (D:1)
  8 kobolds
  3 quokkas
  10 bats
  2 frilled lizards
  6 goblins
  A leopard gecko skeleton (D:4)
  8 rats
105 creatures vanquished.

Vanquished Creatures (others)
  Sigmund (D:4)
  A frilled lizard (D:4)
2 creatures vanquished.

Grand Total: 107 creatures vanquished

Notes
Turn   | Place    | Note
-------+----------+-------------------------------------------
     0 | D:1      | Jorund the Demonspawn Gladiator began the quest for the Orb.
     0 | D:1      | Reached XP level 1. HP: 16/16 MP: 1/1
    35 | D:1      | Reached skill level 3 in Axes
    38 | D:1      | Gained mutation: You have sharp fingernails. [demonic ancestry]
    38 | D:1      | Reached XP level 2. HP: 19/22 MP: 2/2
   797 | D:1      | Reached skill level 1 in Armour
   889 | D:1      | Gained mutation: You have very sharp fingernails. [demonic ancestry]
   889 | D:1      | Reached XP level 3. HP: 15/27 MP: 3/3
  1535 | D:2      | Noticed Jessica
  1540 | D:2      | Killed Jessica
  1540 | D:2      | Reached skill level 4 in Axes
  1540 | D:2      | Gained mutation: Your movements are slightly less encumbered by armour. (ER -2) [demonic ancestry]
  1540 | D:2      | Reached XP level 4. HP: 33/33 MP: 4/4
  1558 | D:2      | Noticed Natasha
  1568 | D:2      | Killed Natasha
  1577 | D:2      | Found a glowing silver altar of Zin.
  1578 | D:2      | Noticed an angel
  1667 | D:3      | Found an ancient bone altar of Kikubaaqudgha.
  2186 | D:3      | Noticed TugoseryaHuesosov's ghost (amateur MfSk)
  2353 | D:3      | Killed TugoseryaHuesosov's ghost
  2353 | D:3      | Reached skill level 5 in Axes
  2353 | D:3      | Gained mutation: You are slightly more attuned to the shadows. [demonic ancestry]
  2353 | D:3      | Reached XP level 5. HP: 38/38 MP: 5/5
  2531 | D:3      | Noticed a centaur
  2531 | D:3      | Reached XP level 6. HP: 34/44 MP: 6/6
  2562 | D:3      | Reached skill level 6 in Axes
  3241 | D:4      | Reached XP level 7. HP: 36/50 MP: 7/7
  3254 | D:4      | Noticed Vesto's ghost (amateur FoFi)
  3367 | D:4      | Killed Vesto's ghost
  3367 | D:4      | Reached skill level 7 in Axes
  3505 | D:4      | Found a basalt altar of Yredelemnul.
  3506 | D:4      | Noticed Eustachio
  3530 | D:4      | Killed Eustachio
  3530 | D:4      | Reached skill level 1 in Evocations
  3551 | D:4      | Noticed Pikel
  3571 | D:4      | Killed Pikel
  3571 | D:4      | Reached skill level 8 in Axes
  3571 | D:4      | Reached XP level 8. HP: 13/56 MP: 8/8
  3797 | D:4      | Found a staircase to the Ecumenical Temple.
  3876 | D:4      | Reached skill level 5 in Armour
  3911 | D:4      | Reached skill level 9 in Axes
  3912 | D:4      | Killed Sigmund
  4073 | D:4      | Mangled by an ogre

Vault maps used:
D:1:      minmay_arrival_radiant_lines, item_on_display_a
D:2:      zin_angel, uniq_jessica, uniq_natasha
D:3:      lemuel_crystal_altar
D:4:      lemuel_crystal_altar, first_bread, uniq_pikel, uniq_sigmund,
          uniq_eustachio

Skill      XL: |  1  2  3  4  5  6  7  8 |
---------------+-------------------------+-----
Axes           | 3 4 5 6 8 9 |  9.1
Armour         | 1 2 3 4 5 |  5.3
Evocations     | 1 |  1.5
Fighting       | |  2.0
Throwing       | |  1.7
Dodging        | |  2.6

Action                   |  1- 3 |  4- 6 |  7- 9 || total
-------------------------+-------+-------+-------++-------
Melee: War axe           |   136 |   117 |   102 ||   355
Throw: Throwing net      |       |     3 |     2 ||     5
       Tomahawk          |       |       |     2 ||     2
Evoke: Wand              |       |     3 |       ||     3
  Use: Scroll            |     3 |     2 |       ||     5
       Potion            |       |     4 |     2 ||     6
 Stab: Sleeping          |     1 |       |       ||     1
  Eat: Chunk             |     2 |     5 |     4 ||    11
Armor: Leather armour    |    31 |       |       ||    31
       Ring mail         |    29 |    38 |    42 ||   109
Dodge: Dodged            |   139 |    90 |    70 ||   299
